 Dungeon Crawl Stone Soup version 0.26.1-11-gd32895ea62 (webtiles) character file.

Game seed: 6836994015494807816

366 Zeld the Cudgeller (level 6, 0/39 HPs)
             Began as an Octopode Warper on May 16, 2021.
             Slain by Grinder (1 damage)
             ... on level 3 of the Dungeon.
             The game lasted 00:05:47 (6235 turns).

Zeld the Cudgeller (Octopode Warper)                Turns: 6235, Time: 00:05:48

Health: 0/39       AC:  1    Str: 12    XL:     6   Next: 68%
Magic:  8/11       EV: 13    Int: 15    God:
Gold:   97         SH:  0    Dex: 12    Spells: 1/12 levels left

rFire    . . .     SeeInvis .   a - +0 mace
rCold    . . .     Faith    .   (no shield)
rNeg     . . .     Spirit   .   (helmet restricted)
rPois    .         Reflect  .   (no amulet)
rElec    .         Harm     .   (no ring)
rCorr    .         Rampage  .   (no ring)
Will     .....                  (no ring)
Stlth    ++........             (no ring)
HPRegen  0.13/turn              (no ring)
MPRegen  0.12/turn              (no ring)
                                (no ring)
                                (no ring)

@: no status effects
A: almost no armour, stealthy swim, amphibious, 8 rings, constrict 8, camouflage
1, gelatinous body 1
a: no special abilities


You were on level 3 of the Dungeon.
You visited 1 branch of the dungeon, and saw 3 of its levels.

You collected 97 gold pieces.

Inventory:

Hand Weapons
 a - a +0 mace (weapon)
Missiles
 b - 5 boomerangs of dispersal (quivered)
Scrolls
 c - a scroll of blinking
 f - 3 scrolls of teleportation {unknown}
 i - a scroll of random uselessness {unknown}
 j - a scroll of remove curse {unknown}
 k - a scroll of identify {unknown}
 m - a scroll of amnesia {unknown}
Potions
 d - a potion of invisibility {unknown}
 e - a potion of might {unknown}
 g - a potion of degeneration {unknown}
 h - a potion of curing {unknown}
 l - a potion of magic {unknown}
 n - 2 potions of heal wounds


   Skills:
 - Level 2.0 Fighting
 * Level 5.1 Maces & Flails
 - Level 1.0 Throwing
 - Level 2.3 Dodging
 + Level 3.5 Spellcasting
 + Level 4.4 Translocations


You had one spell level left.
You knew the following spells:

 Your Spells              Type           Power        Failure   Level
a - Blink                 Tloc           N/A          4%          2
b - Gell's Gravitas       Tloc           7%           10%         3
c - Lesser Beckoning      Tloc           7%           10%         3
d - Teleport Other        Tloc           15%          10%         3

Your spell library contained the following spells:

 Spells                   Type           Power        Failure   Level
 Passage of Golubria      Tloc           N/A          30%         4


Dungeon Overview and Level Annotations

Branches:
Dungeon (3/15)

Altars:

Annotations:
D:3 Grinder


Innate Abilities, Weirdness & Mutations

You cannot wear most types of armour.
You are very stealthy in the water. (Stealth+)
You are amphibious.
You can wear up to eight rings at the same time.
You can use your tentacles to constrict eight enemies at once.
Your skin changes colour to match your surroundings (Stealth+).
Your rubbery body absorbs attacks. (AC +1, EV +1)


Message History

Grinder is moderately wounded.
You constrict Grinder. Grinder hits you!
You writhe in agony.
You are too injured to fight recklessly!
You are too injured to fight recklessly!
You are too injured to fight recklessly!
You are too injured to fight recklessly!
You barely miss Grinder.
Grinder is heavily wounded.
You constrict Grinder. Grinder misses you.
You hit Grinder. You squeeze Grinder.
Grinder is severely wounded.
You constrict Grinder.
Grinder drinks a potion.
Grinder is healed!
You hit Grinder.
Grinder is lightly wounded.
You constrict Grinder. Grinder hits you.
You writhe in agony.
* * * LOW HITPOINT WARNING * * *
Grinder hits you!
* * * LOW HITPOINT WARNING * * *
You writhe in agony.
You die...

#.# ###.#............... ## #.#
#...#......#######.. .. #.#
#...#......# 8.# .. #.#.
#...#......#######.# ..
#<#...####.#..............#
..#####.#...####.#.##.#.###.....#
ggo†g[.g..5.)(..))..............#
..#####.#...##.#5#.#######.#.....
.. ..#.?.##.#@.......##.....## .#
#########.##..†..#.###....# .
.................#.# #.#.## .
##########........#.# #.#.#
##.......####......#.# #...#
#...####.####......#.# ##..#
.###..................#.####..###
........).............)..........
####.#.##......#####........).##


You could see Grinder.

Vanquished Creatures
  A hound (D:3)
  Jessica (D:3)
  Terence (D:2)
  Natasha (thrice) (D:2)
  Robin (D:3)
  7 gnolls
  4 adders
  An ooze (D:3)
  3 dart slugs (D:1)
  A leopard gecko (D:3)
  2 orcs (D:3)
  6 giant cockroaches
  11 hobgoblins
  9 jackals
  2 quokkas
  7 bats
  2 frilled lizards (D:1)
  16 goblins
  3 kobolds
  4 rats
  A bush (D:2)
86 creatures vanquished.

Vanquished Creatures (others)
  2 plants (D:2)
2 creatures vanquished.

Grand Total: 88 creatures vanquished

Notes
Turn   | Place    | Note
-------+----------+-------------------------------------------
     0 | D:1      | Zeld the Octopode Warper began the quest for the Orb.
     0 | D:1      | Reached XP level 1. HP: 14/14 MP: 3/3
   360 | D:1      | Reached XP level 2. HP: 15/19 MP: 5/5
  1156 | D:1      | Reached XP level 3. HP: 24/24 MP: 6/6
  1159 | D:1      | Learned a level 2 spell: Blink
  1163 | D:1      | Learned a level 3 spell: Gell's Gravitas
  1450 | D:2      | Reached skill level 3 in Maces & Flails
  1687 | D:2      | Noticed Natasha
  1696 | D:2      | Killed Natasha
  1697 | D:2      | Reached XP level 4. HP: 15/29 MP: 7/7
  2052 | D:2      | Learned a level 3 spell: Lesser Beckoning
  2198 | D:2      | Noticed Natasha
  2207 | D:2      | Killed Natasha
  2558 | D:2      | Noticed Terence
  3041 | D:2      | Noticed Natasha
  3049 | D:2      | Killed Natasha
  3050 | D:2      | Reached XP level 5. HP: 22/34 MP: 9/9
  3331 | D:2      | Killed Terence
  3332 | D:2      | Reached skill level 4 in Maces & Flails
  4402 | D:3      | Reached XP level 6. HP: 32/39 MP: 0/10
  4723 | D:3      | Noticed Jessica
  4727 | D:3      | Killed Jessica
  5185 | D:3      | Learned a level 3 spell: Teleport Other
  5191 | D:3      | Noticed Robin
  5931 | D:3      | Killed Robin
  5932 | D:3      | Reached skill level 5 in Maces & Flails
  6222 | D:3      | Noticed Grinder
  6235 | D:3      | HP: 1/39 [Grinder (10)]
  6235 | D:3      | Slain by Grinder

Illustrated notes

Levels and vault maps discovered:
D:1:      nicolae_arrival_somewhat_less_tricky_arrival, layout_basic
D:2:      layout_loops_corners, serial_forest, infiniplex_forest_lined_ring,
          infiniplex_forest_pool, infiniplex_forest_clump_diagonal,
          infiniplex_forest_clump_tiny, infiniplex_forest_lined_2,
          infiniplex_forest_lined_room_, infiniplex_forest_fountain,
          minivault_4, uniq_terence, uniq_natasha
D:3:      layout_basic, minitemple, lemuel_statue_altar, uniq_jessica,
          uniq_grinder, uniq_robin

Skill      XL: |  1  2  3  4  5  6 |
---------------+-------------------+-----
Maces & Flails | 3 4 5 |  5.1
Spellcasting   | 3 |  3.5
Translocations | 4 |  4.4
Fighting       | |  2.0
Throwing       | |  1.0
Dodging        | |  2.3

Action                   |  1- 3 |  4- 6 || total
-------------------------+-------+-------++-------
Melee: Mace              |    58 |   233 ||   291
       Constrict         |    17 |    40 ||    57
       Tentacles         |    10 |    52 ||    62
 Cast: Blink             |       |     5 ||     5
       Gell's Gravitas   |       |    14 ||    14
       Lesser Beckoning  |       |     3 ||     3
 Stab: Sleeping          |     6 |     6 ||    12
Armor: Skin              |    13 |    10 ||    23
Dodge: Dodged            |    50 |   137 ||   187
